 Dungeon Crawl Stone Soup version 0.23-a0-169-gb21e695 (webtiles) character file.

12887 grindst0ne the Cleaver (level 11, -2/106 HPs)
             Began as a Demigod Gladiator on Sept 11, 2018.
             Slain by an ice devil (9 damage)
             ... in an ice cave.
             The game lasted 00:27:10 (15799 turns).

grindst0ne the Cleaver (Demigod Gladiator)         Turns: 15799, Time: 00:27:11

Health: -2/106     AC: 12    Str: 28    XL:     11   Next: 41%
Magic:  19/19      EV:  9    Int: 12    God:
Gold:   558        SH:  0    Dex: 19    Spells: 10/10 levels left

rFire    + . .     SeeInvis .   u - +2 broad axe (freeze)
rCold    + . .     Gourm    .   G - -2 shield (curse)
rNeg     . . .     Faith    .   F - +0 chain mail
rPois    +         Spirit   .   c - +0 helmet
rElec    +         Reflect  .   l - +0 cloak
rCorr    +         Harm     .   (no gloves)
MR       +....                  (no boots)
Stlth    ..........             (no amulet)
HPRegen  0.27/turn              h - ring of flight
MPRegen  0.16/turn              I - +2 ring of slaying

@: confused, mighty, resistant, very slightly contaminated
A: claws 1, agile 1, high mp 1, robust 1
a: Evoke Flight


You were in an ice cave.
You were not hungry.

You visited 1 branch of the dungeon, and saw 12 of its levels.
You also visited: Sewer and Ice Cave.

You collected 606 gold pieces.
You spent 48 gold pieces at shops.

Inventory:

Hand Weapons
 r - a +1 dagger of venom
 u - a +2 broad axe of freezing (weapon)
 B - the +9 falchion "Deck" {antimagic, *Contam rN+++ Str+2 Dex+4}
   (You found it on level 10 of the Dungeon)

   It reduces the magical energy of the wielder, and disrupts the spells and
   magical abilities of those hit.
   Natural abilities and divine invocations are not affected.
   It affects your strength (+2).
   It affects your dexterity (+4).
   It renders you almost immune to negative energy.
   It causes magical contamination when unequipped.
 D - the +8 whip of Qiweziw {flame, +Inv rElec rPois Dex+3}
   (You took it off a necromancer in an ice cave)

   It has been specially enchanted to burn those struck by it, causing extra
   injury to most foes and up to half again as much damage against particularly
   susceptible opponents.
   It affects your dexterity (+3).
   It insulates you from electricity.
   It protects you from poison.
   It lets you turn invisible.
Missiles
 d - 3 throwing nets (quivered)
Armour
 c - a +0 helmet (worn)
 k - a +0 scale mail
 l - a +0 cloak (worn)
 F - a +0 chain mail (worn)
 G - a cursed -2 shield (worn)
Jewellery
 h - a ring of flight (left claw)
 I - a +2 ring of slaying (right claw)
Wands
 a - a wand of polymorph (10)
 b - a wand of disintegration (6)
 m - a wand of flame (63)
 y - a wand of random effects (33)
 C - a wand of clouds (1)
Scrolls
 e - 2 scrolls of enchant armour
 g - 3 scrolls of fear
 i - 7 scrolls of teleportation
 n - 2 scrolls of magic mapping
 o - 6 scrolls of remove curse
 q - 4 scrolls of fog
 v - 4 scrolls of amnesia
 z - 2 scrolls of blinking
Potions
 p - 2 potions of brilliance
 w - a potion of flight
 x - a potion of might
 A - a potion of mutation
Miscellaneous
 s - a phial of floods (inert)
Comestibles
 f - 20 rations


   Skills:
 - Level 9.4 Fighting
 - Level 9.7 Axes
 - Level 1.7 Throwing
 - Level 6.3 Armour
 - Level 2.6 Dodging
 * Level 7.1 Shields
 - Level 6.1 Evocations


You had 10 spell levels left.
You didn't know any spells.
Your spell library contained the following spells:

 Spells                   Type           Power        Failure   Level  Hunger
 Animate Skeleton         Necr           N/A          99%         1    ##.....
 Apportation              Tloc           #.....       99%         1    ##.....
 Beastly Appendage        Tmut           #.....       99%         1    ##.....
 Confusing Touch          Hex            #.....       99%         1    ##.....
 Shock                    Conj/Air       #...         99%         1    ##.....
 Summon Small Mammal      Summ           #...         99%         1    ##.....
 Sticks to Snakes         Tmut           #.......     100%        2    ###....
 Swiftness                Chrm/Air       #.......     100%        2    ###....
 Spider Form              Tmut/Pois      #.........   100%        3    ####...
 Static Discharge         Conj/Air       #.......     100%        3    ####...
 Airstrike                Air            #.........   100%        4    #####..
 Ice Form                 Ice/Tmut       #.......     100%        4    #####..
 Blade Hands              Tmut           #.........   100%        5    ######.
 Lightning Bolt           Conj/Air       #.........   100%        5    ######.


Dungeon Overview and Level Annotations

Branches:
Dungeon (12/15)            Temple (0/1) D:4            Lair (0/6) D:9
    Orc: D:9-12

Shops:
D:5 (


Innate Abilities, Weirdness & Mutations

You have an increased reservoir of magic. (+10% MP)
You have sharp fingernails.
You are agile. (Dex +2)
You are robust. (+10% HP)


Message History

Evoke which item? (* to show all) (? for menu, Esc to quit)
Aiming: Disintegrate
Press: ? - help, Shift-Dir - straight line, f - ice devil
Aim: an ice devil (chance to defeat MR: 37%)
The ice devil resists with some effort.
The ice devil hits you.
* * * LOW HITPOINT WARNING * * *
The ice devil freezes you. You resist.
* * * LOW HITPOINT WARNING * * *
You feel better. The ice devil barely misses you.
You feel very mighty all of a sudden. The ice devil hits you!
* * * LOW HITPOINT WARNING * * *
The ice devil freezes you! You resist.
* * * LOW HITPOINT WARNING * * *
You are confused.
You feel invigorated. The ice devil hits you.
* * * LOW HITPOINT WARNING * * *
The ice devil freezes you! You resist.
You die...

### ### ..### '.# ....#
#########.# ...####
#.#.#.#.#.## ...#..#
###'#'#'#'#..###### ...#..'
#.'.......#ยง......#
...########.8.8.8.#.#####.#
.....#............#.#
.....[..........@4'.#
.....#............#.#
...########.8.8.8.#.#
...#..'.#.'.......#..
...#..#.###'#'#'#'#.8#
...#### #.#.#.#.#.## ....#
#########.# ..### .# ###


You could see an ice devil.

Vanquished Creatures
  2 two-headed ogres
  Sonja (D:11)
  Pikel (D:5)
  A necromancer (IceCv)
  3 ugly things (D:12)
  3 ice statues (IceCv)
  5 ice devils (IceCv)
  3 trolls
  A hippogriff (D:7)
  3 wyverns
  Menkaure (D:7)
  A soldier ant (D:12)
  A water moccasin (D:10)
  2 orc warriors
  6 ice beasts
  A black bear (D:11)
  A phantom (D:5)
  3 ogres
  4 crocodiles
  A big kobold (D:11)
  5 bullfrogs
  3 scorpions
  A water moccasin skeleton (D:10)
  5 killer bees (D:11)
  10 wights
  8 howler monkeys
  A crimson imp (D:7)
  4 draconian simulacra (IceCv)
  3 jellies (D:8)
  6 hounds
  3 orc priests
  21 orc wizards
  3 bullfrog skeletons
  2 centaur skeletons
  3 iguanas
  12 worker ants
  A spriggan simulacrum (IceCv)
  A troll simulacrum (IceCv)
  2 killer bee zombies
  A centaur simulacrum (IceCv)
  A hound skeleton (D:11)
  3 worker ant zombies
  2 naga simulacra (IceCv)
  16 adders
  An ogre simulacrum (IceCv)
  4 shadow imps
  12 white imps (D:12)
  5 oozes (D:8)
  An adder skeleton (D:4)
  A worm (D:5)
  A dart slug (D:3)
  7 leopard geckos
  44 orcs
  7 bats
  3 giant cockroaches
  5 goblins
  10 hobgoblins
  2 jackals (Sewer)
  4 quokkas
  A ball python (D:2)
  3 frilled lizards
  A jackal zombie (D:5)
  14 kobolds
  2 quokka skeletons
  7 rats
296 creatures vanquished.

Notes
Turn   | Place    | Note
-------+----------+-------------------------------------------
     0 | D:1      | grindst0ne the Demigod Gladiator began the quest for the
                  | Orb.
     0 | D:1      | Reached XP level 1. HP: 17/17 MP: 3/3
   306 | D:1      | Reached XP level 2. HP: 24/24 MP: 4/4
  1137 | D:2      | Reached XP level 3. HP: 30/30 MP: 5/5
  1492 | D:3      | Found a glowing drain.
  1496 | Sewer    | Entered a sewer
  1550 | Sewer    | Noticed a crocodile
  1553 | Sewer    | Gained mutation: You have sharp fingernails. [potion of
                  | mutation]
  1553 | Sewer    | Gained mutation: You are robust. (+10% HP) [potion of
                  | mutation]
  1567 | Sewer    | Killed a crocodile
  1567 | Sewer    | Reached XP level 4. HP: 18/41 MP: 6/6
  1853 | D:3      | Reached XP level 5. HP: 41/50 MP: 7/7
  1938 | D:3      | HP: 2/50 [orc priest/divine providence (9)]
  2876 | D:4      | Reached XP level 6. HP: 45/58 MP: 8/8
  3095 | D:5      | Entered Level 5 of the Dungeon
  3099 | D:5      | Reached skill level 5 in Axes
  3708 | D:4      | Found a staircase to the Ecumenical Temple.
  4249 | D:5      | Reached skill level 5 in Fighting
  4322 | D:5      | Found Wawnioty's Weapon Shoppe.
  4330 | D:5      | Bought a +0 broad axe for 48 gold pieces
  4390 | D:5      | Reached XP level 7. HP: 15/67 MP: 9/9
  4926 | D:5      | Found a basalt altar of Yredelemnul.
  4926 | D:5      | Found a glowing silver altar of Zin.
  4930 | D:5      | Found a blossoming altar of Fedhas.
  4930 | D:5      | Found a snail-covered altar of Cheibriados.
  5602 | D:5      | Noticed Pikel
  5638 | D:5      | Killed Pikel
  5638 | D:5      | Reached XP level 8. HP: 73/78 MP: 10/10
  5877 | D:6      | Found a shimmering altar of Xom.
  6847 | D:7      | Noticed Menkaure
  6859 | D:7      | Killed Menkaure
  7365 | D:7      | Noticed a hippogriff
  7376 | D:7      | Killed a hippogriff
  7376 | D:7      | Reached XP level 9. HP: 89/89 MP: 11/11
  7490 | D:7      | Reached skill level 1 in Armour
  7490 | D:7      | Reached skill level 1 in Evocations
  8228 | D:8      | You fall through a shaft for 3 floors!
  8240 | D:11     | Noticed Sonja
  8253 | D:10     | Entered Level 10 of the Dungeon
  8725 | D:10     | Got a dazzling falchion
  8728 | D:10     | Identified the +9 falchion "Deck" {antimagic, *Contam rN+++
                  | Str+2 Dex+4} (You found it on level 10 of the Dungeon)
  9010 | D:9      | Gained mutation: You are agile. (Dex +2) [mutagenic glow]
  9580 | D:9      | Noticed a two-headed ogre
  9588 | D:9      | Killed a two-headed ogre
  9753 | D:9      | Found a shimmering altar of Xom.
  9866 | D:9      | Reached XP level 10. HP: 95/99 MP: 16/16
 10159 | D:9      | Found a staircase to the Lair.
 10454 | D:10     | Reached skill level 5 in Armour
 10730 | D:10     | Reached skill level 5 in Evocations
 11136 | D:11     | Noticed a two-headed ogre
 11146 | D:11     | Killed a two-headed ogre
 11632 | D:11     | Killed Sonja
 12146 | D:11     | Reached skill level 1 in Shields
 12378 | D:12     | Noticed a cyan ugly thing
 12387 | D:12     | Killed a cyan ugly thing
 12387 | D:12     | Reached XP level 11. HP: 98/106 MP: 19/19
 12534 | D:12     | Found a frozen archway.
 12570 | IceCv    | Entered an ice cave
 13291 | IceCv    | Reached skill level 5 in Shields
 13494 | IceCv    | HP: 3/106 [ice statue/bolt of cold (22)]
 14755 | IceCv    | Noticed a necromancer
 14771 | IceCv    | Killed a necromancer
 15110 | IceCv    | Got an encrusted whip {flame}
 15122 | IceCv    | Identified the +8 whip of Qiweziw {flame, +Inv rElec rPois
                  | Dex+3} (You took it off a necromancer in an ice cave)
 15798 | IceCv    | HP: 3/106 [ice devil (8)]
 15799 | IceCv    | Slain by an ice devil

Vault maps used:
D:1:      lightli_arrival_boilingwater
D:2:      hex_large
D:3:      gup_sewer_entry_bowl
D:4:      temple_doors_e, first_ration
D:5:      grunt_temple_overflow_open, serial_shops, nicolae_shop_stone,
          uniq_pikel
D:6:      basic_altar
D:7:      minmay_flawed_box, uniq_menkaure
D:8:      serial_aquarium, aquarium_bridge_square, aquarium_window_1,
          aquarium_window_fake, aquarium_window_fake, aquarium_window_fake,
          aquarium_view_4, aquarium_balcony_3a, hangedman_little_slice_of_home
D:9:      lemuel_coloured_pillars_altar, lair_entry_dummy
D:11:     lab_entry_generic, uniq_sonja
D:12:     orc_0_dummy, portal_ice_cave_entry_imps
Sewer:    sewer_the_crocodile
IceCv:    ice_cave_tombish

Skill      XL: |  1  2  3  4  5  6  7  8  9 10 11 |
---------------+----------------------------------+-----
Fighting       | 2 3 4 5 6 8 9 |  9.4
Axes           | 3 4 5 7 8 9 |  9.7
Armour         | 4 6 |  6.3
Evocations     | 4 6 |  6.1
Shields        | 3 7 |  7.1
Throwing       | |  1.7
Dodging        | |  2.6

Action                   |  1- 3 |  4- 6 |  7- 9 | 10-12 || total
-------------------------+-------+-------+-------+-------++-------
Melee: War axe           |   114 |       |       |       ||   114
       Dagger            |     5 |   199 |    29 |       ||   233
       Broad axe         |       |       |   348 |   338 ||   686
       Unarmed           |       |       |    10 |       ||    10
       Falchion          |       |       |    12 |       ||    12
Evoke: Wand              |       |       |    14 |    43 ||    57
       Phial of floods   |       |       |       |     1 ||     1
  Use: Potion            |     4 |     4 |     5 |    14 ||    27
       Scroll            |       |       |    11 |    11 ||    22
 Stab: Sleeping          |     1 |       |       |       ||     1
       Confused          |       |       |     3 |       ||     3
       Paralysed         |       |       |    16 |    11 ||    27
  Eat: Chunk             |     2 |     8 |    12 |     9 ||    31
       Ration            |       |       |     2 |     3 ||     5
Armor: Leather armour    |     5 |       |       |       ||     5
       Scale mail        |    65 |    68 |   157 |       ||   290
       Skin              |       |     5 |     5 |       ||    10
       Chain mail        |       |       |     9 |   169 ||   178
Dodge: Dodged            |   115 |   146 |   221 |   142 ||   624
Block: Shield            |       |       |       |    61 ||    61

Table legend:
 A = Non-vault XP
 B = Vault XP
 C = Vault XP percentage of total XP
 D = Non-vault monster count
 E = Vault monster count
 F = Vault count percentage of total count
                 A         B        C        D         E       F
            +---------+---------+-------+---------+---------+-------
      Total |   12025 |    6385 |  34.7 |     233 |      63 |  21.3
            +---------+---------+-------+---------+---------+-------
        D:1 |      25 |       0 |   0.0 |      14 |       0 |   0.0
        D:2 |      25 |       0 |   0.0 |      17 |       0 |   0.0
        D:3 |     209 |       7 |   3.2 |      25 |       3 |  10.7
        D:4 |     210 |       0 |   0.0 |       8 |       0 |   0.0
        D:5 |     783 |     629 |  44.5 |      19 |       1 |   5.0
        D:6 |     252 |       0 |   0.0 |      12 |       0 |   0.0
        D:7 |     877 |     635 |  42.0 |      18 |      13 |  41.9
        D:8 |     446 |     164 |  26.9 |      17 |       8 |  32.0
        D:9 |    2805 |       0 |   0.0 |      30 |       0 |   0.0
       D:10 |    1504 |       0 |   0.0 |      23 |       0 |   0.0
       D:11 |    2786 |     814 |  22.6 |      33 |       1 |   2.9
       D:12 |    2103 |     122 |   5.5 |      17 |      12 |  41.4
      Sewer |       0 |     115 | 100.0 |       0 |       6 | 100.0
      IceCv |       0 |    3899 | 100.0 |       0 |      19 | 100.0
            +---------+---------+-------+---------+---------+-------
